 Dungeon Crawl Stone Soup version 0.16-a0-4115-ga5ed934 (webtiles) character file.

1229 timbw the Carver (level 8, -16/61 HPs)
             Began as a Centaur Gladiator on Mar 1, 2015.
             Was a Believer of Okawaru.
             Killed from afar by Erica (19 damage)
             ... with an orb of energy
             ... on level 10 of the Dungeon.
             The game lasted 00:09:25 (2627 turns).

timbw the Carver (Centaur Gladiator)                Turns: 2627, Time: 00:09:25

Health: -16/61     AC:  6    Str: 18      XL:     8   Next: 24%
Magic:  6/6        EV: 12    Int:  7      God:    Okawaru [**....]
Gold:   75         SH:  0    Dex: 11 (12) Spells: 0 memorised, 7 levels left

rFire  . . .     SeeInvis .     r - -3 scimitar (curse)
rCold  . . .     Clarity  .     b - +0 leather armour
rNeg   . . .     SustAb   .     (no shield)
rPois  .         Gourm    .     c - +0 helmet
rElec  .         Spirit   .     (no cloak)
rCorr  .         Warding  .     (no gloves)
rMut   .         Stasis   .     (no barding)
MR     .....                    (no amulet)
Stlth  +.........               (no ring)
                                (no ring)

@: heroism, very quick, not resistant to hostile enchantments, very unstealthy
A: hooves 3, deformed body, speed 2, tough skin 3
a: Heroism, Renounce Religion


You were on level 10 of the Dungeon.
You worshipped Okawaru.
Okawaru was pleased with you.
You were not hungry.

You visited 2 branches of the dungeon, and saw 11 of its levels.

You collected 75 gold pieces.

Inventory:

Hand weapons
 a - a +0 long sword
 h - a +0 blowgun
 r - a cursed -3 scimitar (weapon)
Missiles
 j - 17 poisoned needles
Armour
 b - a +0 leather armour (worn)
 c - a +0 helmet (worn)
Jewellery
 i - an uncursed ring of fire
Magical devices
 l - a wand of flame (0)
Scrolls
 g - a scroll of magic mapping
 p - a scroll of random uselessness
Potions
 e - 2 potions of brilliance
 k - 4 potions of cancellation
 m - a potion of poison
Books
 o - a Young Poisoner's Handbook

   Spells                             Type                      Level
   a - Sting                          Conjuration/Poison           1
   b - Cure Poison                    Poison                       2
   c - Mephitic Cloud                 Conjuration/Poison/Air       3
   d - Olgreb's Toxic Radiance        Poison                       4
   e - Venom Bolt                     Conjuration/Poison           5
Comestibles
 d - a royal jelly
 f - 3 bread rations
 n - 2 chunks of flesh
 q - 8 slices of pizza


   Skills:
 - Level 2.0(7.0) Fighting
 + Level 9.5(14.5) Long Blades
 - Level 2.6(7.6) Throwing
 - Level 2.1(7.1) Dodging


You had 7 spell levels left.
You didn't know any spells.

Dungeon Overview and Level Annotations

Branches:
Dungeon (10/15)            Temple (1/1) D:6
   Lair: D:8-11         Orc: D:9-12

Altars:
Ashenzari
Dithmenos
Gozag
Okawaru
Ru
Trog
Vehumet
Yredelemnul
Zin

Annotations:
D:8 Edmund
D:10 Erica


Innate Abilities, Weirdness & Mutations

You have hooves in place of feet.
Armour fits poorly on your strangely shaped body.
You cover ground very quickly.
You have extremely tough skin (AC +3).


Message History

You hit something. Your kick misses something. You miss something.
Something barely misses you.
You hit something but do no damage. Something hits you. Something burns you.
You slash something! You kick something. You closely miss something.
You kick something. Something hits you. Something burns you.
You closely miss something. You closely miss something. You kick something.
You hear some strange, mumbled words.
Something tries to affect you, but you resist.
You closely miss something. You kick something. Something hits you!
* * * LOW HITPOINT WARNING * * *
Something burns you!
* * * LOW HITPOINT WARNING * * *
Unknown command.
You hit something. Your kick misses something. You slash something!
You hear some strange, mumbled words.
The orb of energy hits you!
You die...

#.....##### #.....#
#.....# #..##.#
#.....#####+### ###
#..........)......#
#........#####....#
#.................#
#........@........#
#.....##{###'######
#.....#..........
...#.#..........
....#.##..######
.##. ..# .. ..# ..
.# #.. .#


There were no monsters in sight!

Vanquished Creatures
  Eustachio (D:8)
  A spriggan (D:8)
  A hippogriff (D:10)
  A wyvern (D:8)
  A phantom (D:8)
  2 ogres
  A big kobold (D:7)
  A giant frog (D:9)
  A scorpion (D:7)
  A crimson imp (D:7)
  An orc priest (D:8)
  An iguana (D:7)
  2 orc wizards
  A worker ant (D:5)
  A hound skeleton (D:7)
  A worker ant zombie (D:8)
  An adder (D:7)
  A white imp (D:8)
  An ufetubus (D:8)
  A giant gecko (D:8)
  3 orcs
  2 giant cockroaches
  6 hobgoblins
  7 kobolds
  4 quokkas
  A ball python (D:1)
  5 bats
  A giant gecko zombie (D:8)
  A giant newt (D:1)
  3 goblins
  5 rats
60 creatures vanquished.

Notes
Turn   | Place    | Note
--------------------------------------------------------------
     0 | D:1      | timbw, the Centaur Gladiator, began the quest for the Orb.
     0 | D:1      | Reached XP level 1. HP: 17/17 MP: 1/1
    60 | D:1      | Reached skill level 3 in Long Blades
   250 | D:1      | Reached XP level 2. HP: 16/24 MP: 2/2
   394 | D:5      | Entered Level 5 of the Dungeon
   394 | D:5      | Found a sacrificial altar of Ru.
   463 | D:5      | Reached skill level 4 in Long Blades
   463 | D:5      | Reached XP level 3. HP: 13/29 MP: 3/3
   480 | D:6      | Noticed a centaur
   643 | D:6      | Found a staircase to the Ecumenical Temple.
   650 | Temple   | Entered the Ecumenical Temple
   720 | Temple   | Became a worshipper of Warmaster Okawaru
   785 | D:6      | Noticed an ice beast
   813 | D:7      | Reached XP level 4. HP: 19/36 MP: 3/3
  1076 | D:8      | Noticed a phantom
  1082 | D:8      | Reached skill level 5 in Long Blades
  1121 | D:7      | Noticed a big kobold
  1139 | D:7      | Killed a big kobold
  1139 | D:7      | Reached XP level 5. HP: 9/41 MP: 4/4
  1164 | D:7      | Acquired Okawaru's first power
  1164 | D:7      | Reached skill level 6 in Long Blades
  1165 | D:7      | Noticed an ogre
  1208 | D:7      | Killed an ogre
  1208 | D:7      | Reached XP level 6. HP: 17/48 MP: 5/5
  1381 | D:8      | Killed a phantom
  1459 | D:8      | Noticed a spriggan
  1502 | D:9      | Reached skill level 7 in Long Blades
  1506 | D:9      | Reached XP level 7. HP: 40/55 MP: 3/5
  1551 | D:8      | Noticed a wyvern
  1580 | D:8      | Killed a spriggan
  1691 | D:8      | Killed a wyvern
  1691 | D:8      | Reached skill level 8 in Long Blades
  1709 | D:8      | Noticed Eustachio
  1756 | D:7      | Noticed a scorpion
  1795 | D:7      | Killed a scorpion
  2145 | D:8      | Killed Eustachio
  2167 | D:8      | Reached XP level 8. HP: 27/61 MP: 6/6
  2182 | D:8      | Noticed Edmund
  2224 | D:10     | Entered Level 10 of the Dungeon
  2408 | D:10     | Reached skill level 9 in Long Blades
  2597 | D:10     | Noticed Erica
  2625 | D:10     | HP: 2/61 [something (7)]
  2627 | D:10     | Killed from afar by Erica

Action                   |  1- 3 |  4- 6 |  7- 9 || total
-------------------------+-------+-------+-------++-------
Melee: Long sword        |    76 |       |       ||    76
       Scimitar          |       |   113 |   142 ||   255
Throw: Throwing net      |     5 |     2 |       ||     7
Invok: Heroism           |       |     2 |     6 ||     8
Evoke: Wand              |       |     7 |       ||     7
  Use: Potion            |     1 |     1 |     1 ||     3
       Scroll            |       |     8 |       ||     8
 Stab: Held in net/web   |     2 |     2 |       ||     4
  Eat: Bread ration      |       |     1 |       ||     1
       Chunk             |       |       |     1 ||     1
